 Dungeon Crawl Stone Soup version 0.31-a0-7-g5178367 (webtiles) character file.

Game seed: 5301877817449495645

540 Nithhogg the Trooper (level 7, -1/62 HPs)
             Began as a Hill Orc Fighter on May 5, 2023.
             Slain by Pikel
             ... wielding a +2 whip of flaming
              (4 damage)
             ... on level 4 of the Dungeon.
             The game lasted 00:06:41 (3132 turns).

Nithhogg the Trooper (Hill Orc Fighter)             Turns: 3132, Time: 00:06:41

Health: -1/62      AC:  3    Str: 21    XL:     7   Next: 26%
Magic:  10/10      EV:  9    Int:  8    God:
Gold:   177        SH:  0    Dex: 10    Spells: 6/6 levels left

rFire   . . .        t - +0 battleaxe (venom)
rCold   . . .        (shield currently unavailable)
rNeg    . . .        b - +0 scale mail
rPois   .            (no helmet)
rElec   .            (no cloak)
rCorr   .            (no gloves)
SInv    .            (no boots)
Will    .....        (no amulet) Stlth
                     (no ring)
HPRegen 0.30/turn    (no ring)
MPRegen 0.12/turn

%: no passive effects
@: corroded
A: no striking features
a: no special abilities


You were on level 4 of the Dungeon.
You visited 1 branch of the dungeon, and saw 4 of its levels.

You collected 177 gold pieces.

Inventory:

Hand Weapons
 a - a +1 war axe
 t - a +0 battleaxe of venom (weapon)
Armour
 b - a +0 scale mail (worn)
 c - a +0 buckler
Jewellery
 s - a ring of resist corrosion
Wands
 d - a wand of polymorph (6)
 p - a wand of roots (10)
Scrolls
 h - a scroll of vulnerability
 i - a scroll of identify
 k - a scroll of blinking
 m - 2 scrolls of poison
 o - a scroll of enchant armour
 r - a scroll of teleportation
Potions
 e - a potion of attraction
 f - a potion of heal wounds
 g - 2 potions of mutation
 j - 2 potions of haste
 l - a potion of curing {unknown}
 q - a potion of lignification {unknown}


   Skills:
 + Level 5.8 Fighting
 + Level 5.5 Axes
 + Level 5.2 Armour
 - Level 3.2 Shields
 + Level 4.6 Invocations


You had 6 spell levels left.
You didn't know any spells.
Your spell library contained the following spells:

 Spells                   Type           Power      Damage    Failure   Level
 Cigotuvi's Dreadful Rot  Necr/Pois/Air  0%         N/A       86%         2
 Gell's Gravitas          Tloc           0%         N/A       97%         3
 Hailstorm                Conj/Ice       0%         3d3       97%         3
 Ignite Poison            Fire/Tmut/Pois 0%         N/A       97%         3
 Teleport Other           Tloc           0%         N/A       97%         3
 Ice Form                 Ice/Tmut       0%         N/A       100%        4
 Freezing Cloud           Conj/Ice/Air   0%         6-21      100%        5
 Dispersal                Tloc           0%         N/A       100%        6
 Simulacrum               Ice/Necr       0%         N/A       100%        6


Dungeon Overview and Level Annotations

Branches:
Dungeon (4/15)
 Temple: D:4-7

Altars:
Ashenzari
Fedhas
Kikubaaqudgha
Qazlal

Shops:
D:3 (

Annotations:
D:4 Pikel


Message History

No target in view!
No target in view!
No target in view!
No target in view!
Pikel, Merchant of Souls comes into view.
He is wielding a +2 whip of flaming and carrying a wand of acid (10).
Pikel shouts!
A lemure comes into view.
Found a scroll labelled PAMEFA WOYNT.
The lemure shouts!
Pikel zaps a wand.
The bolt of acid hits you! The acid corrodes you!
Pikel hits you with a +2 whip of flaming.
Pikel burns you.
You are too injured to fight recklessly!
You are too injured to fight recklessly!
You are too injured to fight recklessly!
You are too injured to fight recklessly!
You are too injured to fight recklessly!
You are too injured to fight recklessly!
You are too injured to fight recklessly!
You are too injured to fight recklessly!
You are too injured to fight recklessly!
You are too injured to fight recklessly!
You are too injured to fight recklessly!
You are too injured to fight recklessly!
You are too injured to fight recklessly!
You barely miss Pikel.
Pikel hits you with a +2 whip of flaming!
* * * LOW HITPOINT WARNING * * *
Pikel burns you.
* * * LOW HITPOINT WARNING * * *
The lemure hits you!
* * * LOW HITPOINT WARNING * * *
Pikel drinks a potion.
Pikel seems to speed up.
You slash Pikel!
Pikel is poisoned.
Pikel is moderately wounded.
You barely miss the lemure.
Pikel hits you with a +2 whip of flaming!
* * * LOW HITPOINT WARNING * * *
Pikel burns you.
You die...

#.#. ##.#.# #..# ##
..... ##..####. ?..#
........ #
#..########.......
#.#..#..........# #.
#.###.#..#.######..# #.
#.....5............####.
#####@.....#.#.....)..
#K>.#..#...#..#.##.
....#...#.....#$..##.
..###...#...._......###
#...#.#.....#.###
.......#...#..#
#...#...#.#...#
##.##.........#
#....##.###


You could see Pikel (fast, very poisoned) and a lemure.

Vanquished Creatures
  Sigmund (D:2)
  A sky beast (D:4)
  3 lemures (D:4)
  A phantom (D:4)
  An orc priest (D:3)
  Natasha (thrice) (D:2)
  4 adders
  A worm (D:2)
  2 dart slugs
  2 orcs (D:3)
  A bat (D:3)
  8 endoplasms
  2 giant cockroaches (D:2)
  4 goblins
  7 hobgoblins
  10 kobolds
  2 quokkas
  4 ball pythons
  3 frilled lizards
  7 rats
67 creatures vanquished.

Vanquished Creatures (others)
  A plant (D:3)
1 creature vanquished.

Grand Total: 68 creatures vanquished

Notes
Turn   | Place    | Note
-------+----------+-------------------------------------------
     0 | D:1      | Nithhogg the Hill Orc Fighter began the quest for the Orb.
     0 | D:1      | Reached XP level 1. HP: 19/19 MP: 1/1
   233 | D:1      | Reached XP level 2. HP: 26/27 MP: 2/2
   240 | D:1      | Reached skill level 1 in Invocations
   863 | D:1      | Reached XP level 3. HP: 33/33 MP: 4/4
  1247 | D:2      | Noticed Sigmund
  1255 | D:2      | Killed Sigmund
  1256 | D:2      | Reached XP level 4. HP: 36/41 MP: 4/6
  1256 | D:2      | Reached XP level 5. HP: 41/47 MP: 4/7
  1301 | D:2      | Noticed Natasha
  1303 | D:2      | Reached skill level 5 in Fighting
  1303 | D:2      | Killed Natasha
  1304 | D:2      | Reached XP level 6. HP: 51/56 MP: 8/8
  1408 | D:2      | Noticed Natasha
  1426 | D:2      | Killed Natasha
  1483 | D:2      | Noticed Natasha
  1488 | D:2      | Killed Natasha
  2078 | D:3      | Found Kolleut's Weapon Boutique.
  2123 | D:3      | Found a blossoming altar of Fedhas.
  2123 | D:3      | Found a broken altar of Ashenzari.
  2124 | D:3      | Found an ancient bone altar of Kikubaaqudgha.
  2334 | D:3      | Found a faded altar of an unknown god.
  2438 | D:3      | Reached skill level 5 in Axes
  3039 | D:4      | Noticed a sky beast
  3050 | D:4      | Killed a sky beast
  3051 | D:4      | Reached skill level 5 in Armour
  3051 | D:4      | Reached XP level 7. HP: 54/61 MP: 10/10
  3069 | D:4      | Found a stormy altar of Qazlal.
  3126 | D:4      | Noticed Pikel
  3132 | D:4      | HP: 3/62 [Pikel/+2 whip of flaming (8)]
  3132 | D:4      | Slain by Pikel

Illustrated notes

Levels and vault maps discovered:
D:1:      lightli_arrival_windingriver, layout_basic, grunt_decor_fettered,
          chequers_serial_rivers_micro_d, nrook_mini_backslash,
          minmay_stone_trees_small, minmay_misc_feat_tiny
D:2:      layout_rooms, kennysheep_generic_room_8, uniq_sigmund, uniq_natasha
D:3:      layout_loops_ring, gammafunk_temple_overflow_forgotten, serial_shops,
          shop, dreamdust_ecumenical_altar_hidden_monk_grotto,
          roderic_serpentine_path
D:4:      layout_loops_ring, nicolae_qazlal_beasts_of_the_sky,
          nicolae_dithmenos_shadow_blocks, feat_on_display, uniq_pikel

Skill      XL: |  1  2  3  4  5  6 |
---------------+-------------------+-----
Axes           | 3 4 5 |  5.5
Invocations    | 1 3 4 |  4.6
Fighting       | 4 5 |  5.8
Armour         | 4 5 |  5.2
Shields        | |  3.2

Action                     |  1- 3 |  4- 6 |  7- 9 || total
---------------------------+-------+-------+-------++-------
  Melee: War axe           |    86 |    78 |       ||   164
         Punch             |     2 |     1 |       ||     3
         Battleaxe         |       |    11 |    28 ||    39
         Unarmed           |       |     2 |       ||     2
    Use: Scroll            |     5 |     7 |       ||    12
         Potion            |     1 |       |       ||     1
 Armour: Scale mail        |    40 |    37 |     6 ||    83
  Dodge: Dodged            |    42 |    54 |    17 ||   113

Table legend: (Time is in decaauts)
 A = Elapsed time spent in this place.
 B = Non-inter-level travel time spent in this place.
 C = Inter-level travel time spent in this place.
 D = Time resting spent in this place.
 E = Time spent auto-exploring this place.
 F = Levels seen in this place.
 G = Mean time per level.
                   A        B        C        D        E       F      G
               +--------+--------+--------+--------+--------+-----+--------+
         Total |   3203 |   2985 |    218 |     49 |   2420 |   4 |  800.8 |
       Dungeon |   3203 |   2985 |    218 |     49 |   2420 |   4 |  800.8 |
               +--------+--------+--------+--------+--------+-----+--------+

Top non-repeatable levels by time:
     D:3: 1112 daAuts
     D:1: 1049 daAuts
     D:2: 710 daAuts
     D:4: 331 daAuts
